 Dungeon Crawl Stone Soup version 0.18-a0-1312-gf98331d (webtiles) character file.

271 st0uf the Shooter (level 6, -2/50 HPs)
             Began as a Centaur Hunter on Feb 14, 2016.
             Killed from afar by an orc wizard (6 damage)
             ... with a magic dart
             ... on level 4 of the Dungeon.
             The game lasted 00:12:23 (2520 turns).

st0uf the Shooter (Centaur Hunter)                  Turns: 2520, Time: 00:12:23

Health: -2/50      AC:  4    Str: 15    XL:     6   Next: 2%
Magic:  6/6        EV: 10    Int: 10    God:
Gold:   155        SH:  0    Dex: 11    Spells: 0 memorised, 5 levels left

rFire  . . .     SeeInvis .     h - +2 dagger (venom)
rCold  + + .     Gourm    .     c - +0 leather armour
rNeg   . . .     Faith    .     (no shield)
rPois  .         Spirit   .     (no helmet)
rElec  .         Dismiss  .     (no cloak)
rCorr  .         Reflect  .     (no gloves)
SustAt .         Harm     .     (no barding)
MR     .....                    (no amulet)
Stlth  ..........               q - ring of protection from cold
                                p - ring of protection from cold

@: confused, very quick, not resistant to hostile enchantments, extremely
unstealthy
A: hooves 3, deformed body, speed 2, tough skin 3
a: no special abilities


You were on level 4 of the Dungeon.
You were not hungry.

You visited 1 branch of the dungeon, and saw 4 of its levels.

You collected 155 gold pieces.

Inventory:

Hand Weapons
 a - a +1 shortbow
 b - a +0 short sword
 h - a +2 dagger of venom (weapon)
Missiles
 d - 54 arrows
Armour
 c - a +0 leather armour (worn)
Jewellery
 j - an uncursed amulet of magic regeneration {unknown}
 p - a ring of protection from cold (left hand)
 q - a ring of protection from cold (right hand)
 x - a cursed ring of loudness {unknown}
Scrolls
 e - a scroll of amnesia {unknown}
 i - a scroll of magic mapping {unknown}
 o - 2 scrolls of identify {unknown}
 r - a scroll of teleportation {unknown}
 v - a scroll of fear {unknown}
 w - 2 scrolls of enchant weapon {unknown}
 y - 2 scrolls of remove curse {unknown}
Potions
 k - 2 potions of ambrosia {unknown}
 l - 2 potions of agility
 m - a potion of degeneration {unknown}
 n - a potion of brilliance {unknown}
 s - a potion of magic {unknown}
 t - a potion of curing {unknown}
 u - 2 potions of haste {unknown}
Comestibles
 f - a bread ration
 g - 2 chunks of flesh
 z - a meat ration
 A - a beef jerky


   Skills:
 + Level 2.6 Fighting
 + Level 6.8 Bows
 + Level 2.1 Armour
 + Level 2.8 Dodging
 + Level 0.8 Stealth


You had 5 spell levels left.
You didn't know any spells.

Dungeon Overview and Level Annotations

Branches:
Dungeon (4/15)
 Temple: D:4-7

Altars:
Cheibriados
Sif Muna
Zin

Annotations:
D:3 Grinder, Natasha


Innate Abilities, Weirdness & Mutations

You have hooves in place of feet.
Armour fits poorly on your strangely shaped body.
You cover ground very quickly.
You have extremely tough skin (AC +3).


Message History

Something unseen opens the door.
The orc wizard gestures at you while chanting.
The magic dart hits you!
You hear some strange, mumbled words.
A magic dart appears from out of thin air!
The magic dart hits you! Something hits you.
* * * LOW HITPOINT WARNING * * *
The orc wizard gestures at you while chanting.
The magic dart hits you!
* * * LOW HITPOINT WARNING * * *
You hear some strange, mumbled words.
You are confused.
You bump into the rock wall.
The orc wizard gestures at you while chanting.
The magic dart hits something.
You bump into the stone wall.
The orc wizard points at you and mumbles some strange words.
The magic dart hits you!
You die...

#≈≈...≈≈# #≈≈._.≈≈#
#####≈≈...≈≈ #...# ≈≈.≈≈
#.###########...## ≈.≈
#>....<.....'....# #'#
######.######....###.####
#...######...........#
#.)....@.###########.###
#......o.oo.............
##....####'##########.##
######≈≈≈.≈≈≈#..#......
#≈...o.≈##.#.....#
###≈(...o≈##.#.....#
#######.'..⌠.⌠..'..#......
#.......#≈.....≈#..#....#.
#.......#≈.....≈##......#.


You could see an orc priest and 2 orc wizards.

Vanquished Creatures
  2 orc wizards (D:3)
  Jessica (D:2)
  Natasha (D:3)
  Terence (D:2)
  A gnoll (D:1)
  4 adders
  3 giant geckos
  4 orcs
  9 giant cockroaches
  8 goblins
  16 hobgoblins
  7 jackals
  8 kobolds
  A ball python (D:1)
  6 bats
  A giant newt (D:1)
  A quokka skeleton (D:4)
  7 rats
81 creatures vanquished.

Notes
Turn   | Place    | Note
--------------------------------------------------------------
     0 | D:1      | st0uf the Centaur Hunter began the quest for the Orb.
     0 | D:1      | Reached XP level 1. HP: 17/17 MP: 1/1
   132 | D:1      | Reached XP level 2. HP: 5/24 MP: 2/2
   454 | D:1      | Reached skill level 6 in Bows
   593 | D:1      | Reached XP level 3. HP: 18/29 MP: 3/3
   980 | D:2      | Reached XP level 4. HP: 27/36 MP: 4/4
  1122 | D:2      | Noticed Jessica
  1127 | D:2      | Killed Jessica
  1127 | D:2      | Reached skill level 1 in Armour
  1194 | D:2      | Noticed Terence
  1208 | D:2      | Killed Terence
  1272 | D:2      | Found a snail-covered altar of Cheibriados.
  1549 | D:3      | Noticed Natasha
  1557 | D:3      | Killed Natasha
  1557 | D:3      | Reached XP level 5. HP: 39/41 MP: 5/5
  1709 | D:3      | Found a glowing silver altar of Zin.
  1710 | D:3      | Noticed an angel
  2125 | D:3      | Noticed Natasha
  2166 | D:3      | Noticed Grinder
  2240 | D:4      | Found a deep blue altar of Sif Muna.
  2271 | D:4      | Reached XP level 6. HP: 29/50 MP: 6/6
  2520 | D:4      | Killed from afar by an orc wizard

Vault maps used:
D:1:      grunt_arrival_lava_bath
D:2:      cheibriados_altar_1, uniq_jessica, uniq_terence
D:3:      nicolae_overflow_hidden_temple, zin_angel, first_bread, uniq_natasha,
          uniq_grinder
D:4:      led_sif_pool, kennysheep_generic_room_11, uniq_sigmund

Action                   |  1- 3 |  4- 6 || total
-------------------------+-------+-------++-------
Melee: Short sword       |    73 |       ||    73
       Dagger            |    37 |   120 ||   157
 Fire: Shortbow          |    20 |       ||    20
  Eat: Chunk             |       |     4 ||     4
